 Dungeon Crawl Stone Soup version 0.28.0-43-g3370ac3207 (webtiles) character file.

Game seed: 1739062306891471065

5 fragbeetle the Ruffian (level 1, 0/16 HPs)
             Began as a Draconian Transmuter on Mar 9, 2022.
             Succumbed to a goblin's poison
             ... on level 1 of the Dungeon.
             The game lasted 00:00:17 (322 turns).

fragbeetle the Ruffian (Draconian Transmuter)        Turns: 322, Time: 00:00:18

Health: 0/16       AC:  4    Str: 12    XL:     1   Next: 66%
Magic:  1/3        EV: 12    Int: 13    God:
Gold:   23         SH:  0    Dex: 11    Spells: 3/4 levels left

rFire   . . .      SeeInvis .     - Unarmed
rCold   . . .      Faith    .   (no shield)
rNeg    . . .      Spirit   .   (armour unavailable)
rPois   .          Reflect  .   (helmet currently unavailable)
rElec   .          Harm     .   (no cloak)
rCorr   .          Rampage  .   (no gloves)
Will    .....                   (boots currently unavailable)
Stlth   +.........              (no amulet)
HPRegen 0.05/turn               (no ring)
MPRegen 0.08/turn               (no ring)

@: lethally poisoned (0 -> -12), appendages, very slightly contaminated
A: horns 2, talons 2, AC +4, unfitting armour, cold-blooded
a: End Transformation


You were on level 1 of the Dungeon.
You had temporarily grown beastly horns and talons.
You visited 1 branch of the dungeon, and saw 1 of its levels.

You collected 23 gold pieces.

Inventory:

Scrolls
 a - a scroll of immolation {unknown}
Potions
 b - a potion of heal wounds {unknown}


   Skills:
 - Level 1.1 Fighting
 - Level 1.7 Dodging
 - Level 3.0 Unarmed Combat
 - Level 2.0 Spellcasting
 + Level 2.5 Transmutations


You had 3 spell levels left.
You knew the following spells:

 Your Spells              Type           Power      Damage    Failure   Level
a - Beastly Appendage     Tmut           14%        N/A       9%          1

Your spell library contained the following spells:

 Spells                   Type           Power      Damage    Failure   Level
 Wereblood                Tmut           7%         N/A       14%         2
 Spider Form              Tmut/Pois      4%         N/A       41%         3
 Ice Form                 Ice/Tmut       4%         N/A       83%         4


Dungeon Overview and Level Annotations

Branches:
Dungeon (1/15)

Altars:


Innate Abilities, Weirdness & Mutations

You have temporarily grown beastly horns and talons.
Your plain brown scales are hard. (AC +4)
You cannot fit into any form of body armour.
You are cold-blooded and may be slowed by cold attacks.


Message History

You now have 23 gold pieces (gained 11).
Found an escape hatch in the floor.
A goblin comes into view. It is wielding a +0 dagger of venom.
A goblin is nearby!
A goblin is nearby!
A goblin is nearby!
You miscast Beastly Appendage.
You are very lightly contaminated with residual magic.
Nothing appears to happen.
You hit the goblin.
The goblin is moderately wounded.
The goblin hits you with a +0 dagger of venom.
You are poisoned.
You closely miss the goblin.
Your tail-slap misses the goblin.
The goblin is moderately wounded.
You feel very sick. The goblin misses you.
You hit the goblin but do no damage.
The goblin is moderately wounded.
You feel sick.
The goblin hits you with a +0 dagger of venom.
You are too injured to fight recklessly!
You are too injured to fight recklessly!
You are too injured to fight recklessly!
Casting: Beastly Appendage (safe; 9% risk of failure)
Confirm with . or Enter, or press ? or * to list all spells.
You grow a pair of large bovine horns.
Your feet morph into talons.
You feel sick.
The goblin hits you with a +0 dagger of venom.
You are more poisoned.
Unknown command.
You closely miss the goblin. Your kick misses the goblin.
The goblin is moderately wounded.
* * * LOW HITPOINT WARNING * * *
You feel very sick. The goblin hits you but does no damage.
You hit the goblin. Your kick misses the goblin.
Your headbutt misses the goblin. You tail-slap the goblin.
You kill the goblin!
You die...

#####...... ..#......
#.......# ....... .....
... #)# #.....# #@#
#.....# ##.## #.....#
#...# ###.....# #...#
#.. ....# #..># #.#
#.#.######...#####
##.###.#.##...........#
............>..........
#...#.##.##...........#


There were no monsters in sight!

Vanquished Creatures
  An endoplasm (D:1)
  A goblin (D:1)
  2 quokkas (D:1)
  2 rats (D:1)
6 creatures vanquished.

Notes
Turn   | Place    | Note
-------+----------+-------------------------------------------
     0 | D:1      | fragbeetle the Draconian Transmuter began the quest for the
                  | Orb.
     0 | D:1      | Reached XP level 1. HP: 16/16 MP: 3/3
   322 | D:1      | Succumbed to a goblin's poison

Illustrated notes

Levels and vault maps discovered:
D:1:      minmay_arrival_solitary_statue, layout_loops_cross,
          shapermc_ecumenical_altar_hornbeckon, serial_bayou_pond_d,
          chequers_serial_rivers_micro_d

Action                   || total
-------------------------++-------
Melee: Unarmed           ||    23
       Tailslap          ||     2
       Kick              ||     1
       Headbutt          ||     1
 Cast: Beastly Appendage ||     6
Armor: Skin              ||     8
Dodge: Dodged            ||     8
